 Dungeon Crawl Stone Soup version 0.27-a0-562-g0d39f094a4 (webtiles) character file.

Game seed: 17445670976122933823

10560 innerfire43 the Basher (level 11, -31/83 HPs)
             Began as a Demonspawn Wanderer on Mar 9, 2021.
             Was a High Priest of Cheibriados.
             Annihilated by a white ugly thing (33 damage)
             ... on level 11 of the Dungeon.
             The game lasted 00:44:04 (9698 turns).

innerfire43 the Basher (Demonspawn Wanderer)        Turns: 9698, Time: 00:44:05

Health: -31/83     AC: 24    Str: 27    XL:     11   Next: 37%
Magic:  20/20      EV:  8    Int: 30    God:    Cheibriados [*****.]
Gold:   467        SH:  0    Dex: 26    Spells: 22/22 levels left

rFire    . . .     SeeInvis .   k - +4 mace (protect)
rCold    . . .     Faith    .   (no shield)
rNeg     + . .     Spirit   .   N - +2 plate armour "Wojewel" {Rampage *Drain Int+2}
rPois    +         Reflect  .   (helmet unavailable)
rElec    .         Harm     .   L - scarf {repulsion}
rCorr    .         Rampage  +   f - +1 pair of gloves
Will     .....                  n - +1 pair of boots
Stlth    ..........             t - amulet of regeneration
HPRegen  1.23/turn              x - ring of poison resistance
MPRegen  0.34/turn              z - ring of positive energy

@: protection aura, repel missiles, very slow
A: horns 3, foul stench 1, magic regeneration
a: Renounce Religion, Bend Time, Temporal Distortion, Slouch, Step From Time


You were on level 11 of the Dungeon.
You worshipped Cheibriados.
Cheibriados was extremely pleased with you.
You visited 1 branch of the dungeon, and saw 11 of its levels.
You also visited: Sewer.

You collected 467 gold pieces.

Inventory:

Hand Weapons
 a - a +2 dagger
 d - a +1 quarterstaff
 k - a +4 mace of protection (weapon)
 v - a +1 dagger of venom
 B - a +3 scythe of flaming
 E - a +4 short sword
 F - a +2 mace of protection
Missiles
 b - 2 curare-tipped darts (quivered)
 g - 68 poisoned darts
 s - 4 atropa-tipped darts
Armour
 e - a +0 robe
 f - a +1 pair of gloves (worn)
 i - a +0 ring mail
 j - a +0 cloak
 n - a +1 pair of boots (worn)
 r - a +0 troll leather armour
 u - a +0 robe of resistance
 G - a +1 cloak
 K - a +0 plate armour
 L - a scarf of repulsion (worn)
 N - the +2 plate armour "Wojewel" (worn) {Rampage *Drain Int+2}
   (You found it on level 10 of the Dungeon)

   It affects your intelligence (+2).
   It causes draining when unequipped.
   It bestows one free step when moving towards enemies.
   Cheibriados disapproves of the use of such an item.
Jewellery
 t - an amulet of regeneration (around neck)
 x - a ring of poison resistance (left hand)
 z - a ring of positive energy (right hand)
Wands
 l - a wand of paralysis (2)
 q - a wand of flame (19)
 A - a wand of mindburst (14)
 H - a wand of polymorph (10)
Scrolls
 m - 5 scrolls of identify
 o - 3 scrolls of teleportation
 y - a scroll of enchant armour
 C - a scroll of enchant weapon
 D - 2 scrolls of amnesia
 I - a scroll of fog
 J - a scroll of magic mapping
 M - a scroll of blinking {unknown}
Potions
 c - 5 potions of curing
 h - 3 potions of magic
 p - a potion of attraction {unknown}
 w - a potion of flight
 O - a potion of heal wounds


   Skills:
 - Level 6.8 Fighting
 - Level 0.6 Short Blades
 - Level 10.4(10.6) Maces & Flails
 - Level 2.5(7.1) Staves
 - Level 1.0 Throwing
 - Level 2.0 Armour
 - Level 1.5 Dodging
 - Level 3.2 Stealth
 - Level 6.0 Spellcasting
 * Level 8.4 Conjurations
 - Level 1.0 Hexes
 * Level 1.4 Summonings
 - Level 1.3 Necromancy
 - Level 1.1 Translocations
 - Level 0.9 Transmutations
 - Level 0.8 Fire Magic
 - Level 1.1 Ice Magic
 - Level 1.3 Air Magic
 - Level 0.7 Earth Magic
 - Level 0.6 Poison Magic
 - Level 1.0 Evocations


You had 22 spell levels left.
You didn't know any spells.
Your spell library contained the following spells:

 Spells                   Type           Power      Damage    Failure   Level
 Magic Dart               Conj           100%       1d8       2%          1
 Conjure Flame            Conj/Fire      36%        6-21      34%         3
 Mephitic Cloud           Conj/Pois/Air  29%        N/A       50%         3
 Call Imp                 Summ           17%        N/A       54%         2
 Blink                    Tloc           N/A        N/A       56%         2
 Slow                     Hex            15%        N/A       58%         2


Dungeon Overview and Level Annotations

Branches:
Dungeon (11/15)            Temple (0/1) D:5            Lair (0/6) D:8
  Sewer (visited)
    Orc: D:9-12

Altars:
Ashenzari
Cheibriados
Nemelex Xobeh
Ru

Shops:
D:5 *   D:7 *


Innate Abilities, Weirdness & Mutations

You have a pair of large horns on your head.
You may rarely emit foul miasma when damaged in melee.
You regenerate magic rapidly.


Message History

The centaur hits you.
You emit a cloud of foul miasma!
You hit the centaur.
You kill the centaur!
Cheibriados thoroughly appreciates the change of pace.
The orc throws a boomerang.
The boomerang hits you but does no damage.
Things that are here:
a +0 shortbow; 17 arrows The orc hits you but does no damage.
An orc wizard comes into view. It is wielding a +0 dagger of speed.
You hit the orc. You headbutt the orc.
You kill the orc!
Cheibriados appreciates the change of pace.
A white ugly thing comes into view.
The orc wizard points at you and mumbles some strange words.
You easily resist.
The white ugly thing moves out of view.
Things that are here:
a +0 flail; 3 boomerangs; an orc corpse The orc wizard points at you and mumbles some strange words.
The magic dart hits you but does no damage.
Things that are here:
a +0 flail; 3 boomerangs; an orc corpse The orc wizard gestures at you while chanting.
You easily resist.
The white ugly thing barely misses you.
Things that are here:
a +0 shortbow; 17 arrows The white ugly thing gores you!
The white ugly thing freezes you!!
You see here a howler monkey corpse.
The white ugly thing gores you! The white ugly thing freezes you!!
* * * LOW HITPOINT WARNING * * *
The orc wizard casts a spell at itself.
The orc wizard flickers and vanishes!
Deactivating autopickup; reactivate with Ctrl-A.
You hit the white ugly thing but do no damage.
Your weapon exudes an aura of protection.
The white ugly thing gores you!
* * * LOW HITPOINT WARNING * * *
The white ugly thing freezes you!!
You die...

#.##..#
#.##.##
#.#..# ######
#.#.##
......###...#
(......#..##
## #).....#
##.####...###
##...#{u@###
#....).###
#......###
#....###
#.(## ##


You could see a white ugly thing.

Vanquished Creatures
  An unseen horror (D:10)
  A komodo dragon (D:8)
  5 trolls
  Sigmund (D:6)
  A wraith (D:8)
  A basilisk (D:10)
  19 yaks
  A steam dragon (D:9)
  3 ice beasts
  4 sky beasts
  2 black bears
  4 orc warriors
  A necrophage (D:8)
  2 ogres (D:6)
  5 centaurs
  3 kobold brigands
  A phantom (D:6)
  9 bullfrogs
  6 scorpions
  A wyvern skeleton (D:9)
  11 killer bees
  5 wights (D:8)
  10 howler monkeys
  2 bullfrog zombies
  A centaur zombie (D:9)
  2 jellies
  A bullfrog skeleton (D:5)
  3 hounds
  3 orc priests
  A centaur skeleton (D:4)
  2 gnoll shamans (D:8)
  11 worker ants
  5 iguanas
  7 orc wizards
  A killer bee zombie (D:6)
  A hound zombie (D:6)
  7 gnolls (D:8)
  A howler monkey skeleton (D:7)
  5 adders
  2 river rats (Sewer)
  2 shadow imps
  3 white imps
  4 worms
  3 leopard geckos
  26 orcs
  A ball python (D:3)
  7 giant cockroaches
  13 goblins
  9 hobgoblins
  7 jackals
  2 quokkas
  4 bats
  3 frilled lizards
  A jackal zombie (D:5)
  24 kobolds
  A leopard gecko skeleton (D:5)
  A quokka zombie (D:5)
  12 rats
275 creatures vanquished.

Vanquished Creatures (others)
  36 fungi (D:8)
  27 plants (D:8)
63 creatures vanquished.

Grand Total: 338 creatures vanquished

Notes
Turn   | Place    | Note
-------+----------+-------------------------------------------
     0 | D:1      | innerfire43 the Demonspawn Wanderer began the quest for the
                  | Orb.
     0 | D:1      | innerfire43 set off with the following items: a +2 dagger,
                  | a curare-tipped dart, a potion of lignification, a +0
                  | quarterstaff, a +0 robe
     0 | D:1      | Reached XP level 1. HP: 18/18 MP: 1/1
   439 | D:1      | Gained mutation: You may rarely emit foul miasma when
                  | damaged in melee. [demonic ancestry]
   439 | D:1      | Reached XP level 2. HP: 20/24 MP: 2/2
  1460 | D:2      | Found a sparkling altar of Nemelex Xobeh.
  1515 | D:2      | Gained mutation: You have a pair of small horns on your
                  | head. [demonic ancestry]
  1515 | D:2      | Reached XP level 3. HP: 30/30 MP: 3/3
  2289 | D:2      | Found a faded altar of an unknown god.
  2294 | D:2      | Became a worshipper of Cheibriados the Contemplative
  2294 | D:2      | Reached * piety under Cheibriados
  2572 | D:3      | Noticed a scorpion
  2575 | D:3      | Noticed a scorpion
  2582 | D:3      | Killed a scorpion
  2583 | D:3      | Reached skill level 1 in Armour
  2583 | D:3      | Reached skill level 1 in Dodging
  2583 | D:3      | Reached XP level 4. HP: 16/37 MP: 4/4
  2606 | D:3      | Reached XP level 5. HP: 19/42 MP: 5/5
  3003 | D:3      | Reached ** piety under Cheibriados
  3070 | D:3      | Found a broken altar of Ashenzari.
  3074 | D:3      | Saw a vision of the Shoals and the Spider Nest.
  3074 | D:3      | Noticed a wind drake
  3074 | D:3      | Noticed a merfolk
  3074 | D:3      | Noticed a wolf spider
  3074 | D:3      | Noticed a wolf spider
  3074 | D:3      | Noticed a wolf spider
  3074 | D:3      | Noticed a hornet
  3074 | D:3      | Noticed a redback
  3078 | D:3      | Noticed a merfolk siren
  3078 | D:3      | Noticed a redback
  3285 | D:3      | Reached skill level 1 in Maces & Flails
  3697 | D:4      | Reached skill level 2 in Maces & Flails
  3760 | D:4      | Gained mutation: You have a pair of horns on your head.
                  | [demonic ancestry]
  3760 | D:4      | Reached XP level 6. HP: 43/48 MP: 6/6
  3984 | D:4      | Reached skill level 3 in Maces & Flails
  4340 | D:4      | Reached *** piety under Cheibriados
  4380 | D:4      | Found a sparkling altar of Nemelex Xobeh.
  4700 | D:5      | Entered Level 5 of the Dungeon
  4700 | D:5      | Found Res Nye's General Store.
  4744 | D:5      | Noticed an ice beast
  4763 | D:5      | Killed an ice beast
  4764 | D:5      | Reached skill level 4 in Maces & Flails
  4764 | D:5      | Gained mutation: You have a pair of large horns on your
                  | head. [demonic ancestry]
  4764 | D:5      | Reached XP level 7. HP: 18/53 MP: 7/7
  4952 | D:5      | Found a glowing drain.
  4960 | Sewer    | Entered a sewer
  4974 | Sewer    | Reached skill level 5 in Maces & Flails
  5602 | D:5      | Found a staircase to the Ecumenical Temple.
  5749 | D:6      | Reached skill level 6 in Maces & Flails
  5780 | D:6      | Reached **** piety under Cheibriados
  5831 | D:6      | Found a sparkling altar of Nemelex Xobeh.
  5893 | D:6      | Noticed Sigmund
  5919 | D:6      | Killed Sigmund
  5920 | D:6      | Reached skill level 7 in Maces & Flails
  5920 | D:6      | Reached XP level 8. HP: 38/60 MP: 8/8
  6000 | D:6      | Reached skill level 8 in Maces & Flails
  6225 | D:6      | Reached skill level 9 in Maces & Flails
  6585 | D:7      | Reached ***** piety under Cheibriados
  6599 | D:7      | Gained mutation: You regenerate magic rapidly. [demonic
                  | ancestry]
  6599 | D:7      | Reached XP level 9. HP: 64/65 MP: 9/9
  6617 | D:7      | Found Sehitiuj's General Store.
  6687 | D:7      | Reached skill level 10 in Maces & Flails
  6829 | D:7      | Reached skill level 1 in Spellcasting
  7174 | D:8      | Found a staircase to the Lair.
  7174 | D:8      | Noticed a komodo dragon
  7182 | D:8      | Killed a komodo dragon
  7195 | D:8      | Reached skill level 5 in Fighting
  7201 | D:8      | Reached skill level 5 in Spellcasting
  7201 | D:8      | Reached XP level 10. HP: 58/75 MP: 11/17
  7349 | D:8      | Found a flagged portal.
  7783 | D:9      | Reached skill level 1 in Conjurations
  8030 | D:9      | Reached skill level 5 in Conjurations
  8276 | D:9      | Reached skill level 1 in Air Magic
  8342 | D:10     | Entered Level 10 of the Dungeon
  8450 | D:10     | Killed an unseen horror
  8503 | D:10     | Reached XP level 11. HP: 80/83 MP: 20/20
  8515 | D:10     | Identified the +2 plate armour "Wojewel" {Rampage *Drain
                  | Int+2}
  8802 | D:10     | Reached skill level 1 in Summonings
  8883 | D:10     | Reached skill level 1 in Translocations
  8911 | D:10     | Reached skill level 1 in Ice Magic
  9018 | D:10     | Found a sacrificial altar of Ru.
  9213 | D:10     | Reached skill level 1 in Necromancy
  9238 | D:10     | Reached skill level 1 in Hexes
  9691 | D:11     | Noticed a white ugly thing
  9698 | D:11     | HP: 2/83 [white ugly thing (7)]
  9698 | D:11     | Annihilated by a white ugly thing

Illustrated notes

Levels and vault maps discovered:
D:1:      heliophobic_arrival_dark_side_of_the_moon, layout_loops_ring
D:2:      layout_loops_ring, overflow_temple_1_default,
          chequers_ecumenical_altar_grove
D:3:      minmay_chambers_of_threes, layout_rooms, grunt_ashenzari_visionary
          [grunt_ashenzari_visionary_shoals, grunt_ashenzari_visionary_spider]
D:4:      layout_loops_cross, nemelex_spade_bored_becter
D:5:      layout_basic, minmay_temple_entry_wispy, enter_ossuary_2,
          portal_sewer_entry_e, serial_shops, shop, minmay_misc_feat_enclosed
D:6:      layout_loops_ring, nemelex_lonely_heart_becter, uniq_sigmund
D:7:      layout_cave_pools, serial_column_ruins, column_ruins_hut,
          column_ruins_corridor_straight, column_ruins_grid_3,
          column_ruins_grid_1, column_ruins_grid_2,
          column_ruins_corridor_straight, column_ruins_grid_1, serial_shops,
          nicolae_shop_waterfront
D:8:      layout_rooms, due_lair_maze_entry_diamond, enter_bailey_3
D:9:      layout_gridville, chequers_arboretum
D:10:     layout_grid_maze, basic_altar, minmay_microvault
D:11:     minmay_the_grid_four_pointed_star_mashed
          [minmay_the_grid_triangle_9x9_flanged_cone,
          minmay_the_grid_triangle_9x9_tough_junction,
          minmay_the_grid_triangle_9x9_cache,
          minmay_the_grid_triangle_9x9_semitri,
          minmay_the_grid_prize_four_corners_diamond_a], layout_loops_ring,
          nicolae_elemental_shop

Skill      XL: |  1  2  3  4  5  6  7  8  9 10 11 |
---------------+----------------------------------+-----
Stealth        | 3 |  3.2
Staves         | 2 |  2.5
Armour         | 1 2 |  2.0
Dodging        | 1 |  1.5
Maces & Flails | 2 4 7 9 10 | 10.4
Fighting       | 5 6 |  6.8
Spellcasting   | 5 6 |  6.0
Conjurations   | 6 8 |  8.4
Air Magic      | 1 |  1.3
Summonings     | 1 |  1.4
Translocations | 1 |  1.1
Ice Magic      | 1 |  1.1
Necromancy     | 1 |  1.3
Hexes          | 1 |  1.0
Short Blades   | |  0.6
Throwing       | |  1.0
Transmutations | |  0.9
Fire Magic     | |  0.8
Earth Magic    | |  0.7
Poison Magic   | |  0.6
Evocations     | |  1.0

Action                   |  1- 3 |  4- 6 |  7- 9 | 10-12 || total
-------------------------+-------+-------+-------+-------++-------
Melee: Dagger            |    47 |       |       |       ||    47
       Quarterstaff      |    41 |       |       |       ||    41
       Mace              |    36 |   190 |   231 |   296 ||   753
       Headbutt          |    11 |    34 |    69 |   109 ||   223
Invok: Slouch            |       |       |     2 |     1 ||     3
  Use: Potion            |     2 |     1 |     3 |     2 ||     8
       Scroll            |     6 |     3 |     4 |     1 ||    14
 Stab: Sleeping          |     6 |     1 |     5 |     2 ||    14
       Distracted        |       |       |     1 |     1 ||     2
Armor: Ring mail         |    74 |   138 |   125 |    95 ||   432
       Skin              |       |     1 |    19 |     1 ||    21
       Robe              |       |       |     2 |       ||     2
       Plate armour      |       |       |       |   233 ||   233
Dodge: Dodged            |   106 |   147 |   175 |   243 ||   671
       Repelled          |       |       |       |     1 ||     1

Table legend: (Time is in decaauts)
 A = Elapsed time spent in this place.
 B = Non-inter-level travel time spent in this place.
 C = Inter-level travel time spent in this place.
 D = Time resting spent in this place.
 E = Time spent auto-exploring this place.
 F = Levels seen in this place.
 G = Mean time per level.
                   A        B        C        D        E       F      G
               +--------+--------+--------+--------+--------+-----+--------+
         Total |  13682 |  13545 |    137 |      0 |   9574 |  12 | 1140.2 |
       Dungeon |  13319 |  13182 |    137 |      0 |   9509 |  11 | 1210.8 |
         Sewer |    363 |    363 |      0 |      0 |     65 |   1 |  363.0 |
               +--------+--------+--------+--------+--------+-----+--------+

Top non-repeatable levels by time:
    D:10: 2245 daAuts
     D:3: 1710 daAuts
     D:4: 1346 daAuts
     D:6: 1330 daAuts
     D:5: 1329 daAuts
     D:1: 1292 daAuts
     D:2: 1097 daAuts
     D:7: 1018 daAuts
     D:9: 949 daAuts
     D:8: 905 daAuts
   Sewer: 363 daAuts
    D:11: 93 daAuts
